 Dungeon Crawl Stone Soup version 0.26-a0-651-gb41185065b (webtiles) character file.

Game seed: 925748694084052042

4146 Irenicus the Earth Mage (level 10, -13/75 HPs)
             Began as a Deep Dwarf Earth Elementalist on Oct 24, 2020.
             Was a Priest of Makhleb.
             Mangled by an orc warrior
             ... wielding a +0 hand axe
              (17 damage)
             ... in a bailey.
             The game lasted 00:27:07 (3732 turns).

Irenicus the Earth Mage (DDEE)                      Turns: 3732, Time: 00:27:07

Health: -13/75     AC:  9    Str: 13    XL:     10   Next: 7%
Magic:  2/14       EV: 11    Int: 18    God:    Makhleb [***...]
Gold:   229        SH:  0    Dex: 13    Spells: 4/15 levels left

rFire    + . .     SeeInvis .   d - +2 dagger (venom)
rCold    + + .     Faith    +   (no shield)
rNeg     . . .     Spirit   .   n - +0 ring mail {MR+}
rPois    +         Reflect  .   D - +0 helmet
rElec    .         Harm     .   (no cloak)
rCorr    .         Rampage  .   (no gloves)
MR       ++...                  k - +2 pair of boots
Stlth    +.........             A - amulet of faith {Faith, !P}
HPRegen  0.00/turn              E - ring of poison resistance {rPois, !d}
MPRegen  0.14/turn              r - ring "Horaadosu" {rF+ rC++}

@: non-regenerating
A: damage resistance, heal wounds, sense surroundings 2, no regeneration
a: Heal Wounds, Minor Destruction, Lesser Servant of Makhleb, Renounce Religion


You were in a bailey.
You worshipped Makhleb.
Makhleb was most pleased with you.
You visited 2 branches of the dungeon, and saw 10 of its levels.
You also visited: Ossuary and Bailey.

You collected 487 gold pieces.
You spent 258 gold pieces at shops.

Inventory:

Hand Weapons
 d - a +2 dagger of venom (weapon)
   (You took it off a goblin on level 2 of the Dungeon)
 l - a +2 short sword of draining
   (You took it off a kobold on level 2 of the Dungeon)
Missiles
 b - 95 stones (quivered)
Armour
 k - a +2 pair of boots (worn)
   (You found it on level 3 of the Dungeon)
 n - a +0 ring mail of magic resistance (worn)
   (You found it on level 4 of the Dungeon)
 p - a scarf of shadows
   (You found it on level 4 of the Dungeon)
 D - a +0 helmet (worn)
   (You found it on level 6 of the Dungeon)
Jewellery
 e - an uncursed amulet of reflection
   (You found it on level 1 of the Dungeon)
 q - an uncursed ring of stealth {Stlth+}
   (You found it on level 3 of the Dungeon)
 r - the ring "Horaadosu" (right hand) {rF+ rC++}
   (You found it on level 4 of the Dungeon)

   [ring of protection from fire]

   It protects you from fire.
   It greatly protects you from cold.
 t - an uncursed ring of stealth {Stlth+}
   (You found it on level 4 of the Dungeon)
 A - an amulet of faith (around neck) {Faith, !P}
   (You found it on level 8 of the Dungeon)
 B - an uncursed amulet of the acrobat
   (You found it on level 6 of the Dungeon)
 E - a ring of poison resistance (left hand) {rPois, !d}
   (You found it on level 7 of the Dungeon)
Wands
 s - a wand of random effects (19)
   (You found it on level 7 of the Dungeon)
 v - a wand of digging (3)
   (You took it off Ijyb on level 3 of the Dungeon)
Scrolls
 c - 3 scrolls of amnesia
 f - 8 scrolls of remove curse
 g - 4 scrolls of teleportation
 h - 2 scrolls of blinking {!r}
 o - 4 scrolls of immolation {!r}
 u - 2 scrolls of enchant weapon
 y - 4 scrolls of identify
 F - a scroll of magic mapping {unknown}
 H - 2 scrolls of fear {unknown}
 I - a scroll of brand weapon {unknown}
 J - 2 scrolls of enchant armour {unknown}
Potions
 a - 3 potions of might
 i - a potion of stabbing
 j - 2 potions of lignification {!q}
 m - 4 potions of curing
 w - 3 potions of flight
 x - a potion of haste
 z - 2 potions of mutation {!q}
 C - a potion of cancellation
 G - 2 potions of brilliance


   Skills:
 - Level 2.1 Dodging
 - Level 2.4 Stealth
 + Level 3.2 Spellcasting
 - Level 0.8 Transmutations
 - Level 17.0 Earth Magic
 + Level 4.1 Evocations


You had 4 spell levels left.
You knew the following spells:

 Your Spells              Type           Power        Failure   Level
a - Sandblast             Erth           ######       1%          1
w - Passwall              Tmut/Erth      #####...     1%          2
x - Stone Arrow           Conj/Erth      ####..       3%          3
z - Lee's Rapid Deconstr  Erth           ######....   1%          5

Your spell library contained the following spells:

 Spells                   Type           Power        Failure   Level
 Petrify                  Tmut/Erth      #####...     9%          4
 Poisonous Vapours        Pois/Air       #.....       47%         2
 Conjure Flame            Conj/Fire      #.......     71%         3
 Mephitic Cloud           Conj/Pois/Air  #.......     71%         3
 Freezing Cloud           Conj/Ice/Air   #.........   100%        6


Dungeon Overview and Level Annotations

Branches:
Dungeon (9/15)             Temple (1/1) D:5         Ossuary (visited)
 Bailey (1/1)
   Lair: D:8-11         Orc: D:9-12

Altars:
Ashenzari
Cheibriados
Fedhas
Hepliaklqana
Makhleb
Nemelex Xobeh
Qazlal
Ru
Sif Muna
Trog
Uskayaw
Vehumet
Xom
Yredelemnul
Zin

Shops:
D:5 *=!

Annotations:
Bailey 3 runed translucent doors


Innate Abilities, Weirdness & Mutations

You are resistant to damage.
You can heal yourself by infusing magical energy.
You passively map the area around you.
You do not regenerate.


Message History

The weapon returns from whence it came!
A boomerang appears from out of thin air!
The boomerang barely misses you.
The weapon returns from whence it came!
There is an open door here.
Items here: ( ) ? [ ††.
You see here 14 gold pieces.
You see here a potion of curing.
m - 4 potions of curing (gained 1)
You see here 14 gold pieces.
You now have 216 gold pieces (gained 14).
Autopickup is now on.
J - 2 scrolls labeled UROJALITZA
h - 2 scrolls of blinking {!r} (gained 1)
You now have 229 gold pieces (gained 13).
A hobgoblin comes into view. It is wielding a +0 hand axe.
An orc knight comes into view. It is wielding a +0 war axe.
The orc knight shouts!
The hobgoblin shouts!
The orc knight roars a battlecry!
An orc warrior comes into view. It is wielding a +0 hand axe.
Casting: Sandblast (safe; 1% risk of failure)
Confirm with . or Enter, or press ? or * to list all spells.
Aiming: Lee's Rapid Deconstruction (dangerous; 1% risk of failure)
Press: ? - help, Dir - move target cursor A granite statue.
The statue shatters!
The blast of rock fragments hits the hobgoblin!
You kill the hobgoblin!
Makhleb accepts your kill.
You feel better.
The blast of rock fragments hits the orc warrior!
The orc warrior is moderately wounded.
The blast of rock fragments hits the orc knight!
The orc knight is lightly wounded.
You now have 0/14 mp.
Casting: Lee's Rapid Deconstruction (dangerous; 1% risk of failure)
Confirm with . or Enter, or press ? or * to list all spells.
You don't have enough magic to cast that spell.
Unknown command.
Evoke which item? (* to show all) (? for menu, Esc to quit)
Press: ? - help, Shift-Dir - straight line, f - orc warrior
Aim: an orc warrior, wielding a +0 hand axe and wearing a cursed +0 ring mail (moderately wounded, strong)
The orc knight resists with significant effort.
A kobold comes into view.
Evoke which item? (* to show all) (? for menu, Esc to quit)
Aiming: Random Effects
Press: ? - help, Shift-Dir - straight line, f/p - orc warrior
Aim: an orc warrior, wielding a +0 hand axe and wearing a cursed +0 ring mail (moderately wounded, strong)
The orc knight appears confused.
The kobold shouts!
The orc knight closely misses you.
The kobold throws a boomerang.
The boomerang completely misses you.
The weapon returns to the kobold!
You hit the orc knight.
The orc knight is poisoned.
The orc knight is lightly wounded.
The orc warrior hits you with a +0 hand axe!!
The kobold throws a boomerang.
The boomerang hits you but does no damage.
The weapon returns to the kobold!
You take 19 damage, and have 37/75 hp.
MASSIVE DAMAGE!!
You catch the helpless orc knight completely off-guard!
You hit the orc knight.
The orc knight looks as sick as possible!
The orc knight is moderately wounded.
The orc knight barely misses you.
The kobold throws a boomerang.
The boomerang closely misses you.
The weapon returns to the kobold!
You hit the orc knight but do no damage.
The orc knight looks as sick as possible!
The orc knight is moderately wounded.
The orc warrior hits you with a +0 hand axe!
The kobold throws a boomerang.
The boomerang hits you but does no damage.
The weapon returns to the kobold!
You take 9 damage, and have 28/75 hp.
The kobold throws a boomerang.
The boomerang closely misses you.
The weapon returns to the kobold!
Evoke which item? (* to show all) (? for menu, Esc to quit)
Press: ? - help, Shift-Dir - straight line, f - orc knight, p - orc warrior
Aim: an orc knight, wielding a +0 war axe and wearing a +0 plate armour (moderately wounded, confused, extremely poisoned)
The orc warrior struggles to resist.
The orc warrior hits you with a +0 hand axe!!
* * * LOW HITPOINT WARNING * * *
The orc knight ponders the situation.
The kobold throws a boomerang.
The boomerang hits you but does no damage.
The weapon returns to the kobold!
You take 19 damage, and have 9/75 hp.
MASSIVE DAMAGE!!
The orc knight closely misses the orc warrior.
The kobold throws a boomerang.
The boomerang hits you.
* * * LOW HITPOINT WARNING * * *
You take 4 damage, and have 5/75 hp.
Evoke which item? (* to show all) (? for menu, Esc to quit)
Aiming: Random Effects
Press: ? - help, Shift-Dir - straight line, f/p - orc knight
Aim: an orc knight, wielding a +0 war axe and wearing a +0 plate armour (moderately wounded, confused, extremely poisoned)
The fireball explodes!
The fireball engulfs the orc warrior!
The orc warrior is almost dead.
The fireball engulfs you. You resist.
* * * LOW HITPOINT WARNING * * *
The orc warlord shouts!
You hear a shout! x3
The orc warrior hits you with a +0 hand axe!!
You die...

♣...≈≈≈.# ≈.8...8.≈ ≈≈
♣♣.(###)###......o## ##
*
♣.##..).#≈.8...8.≈#,...
♣##.....#≈≈≈≈≈≈≈≈≈#....
* *
##......####≈≈≈####....
*
#...8......#+++#..K...8
*
#......................
,
#......................
,,*
##..8..8.....@o.o.)8..8
*
##.......#######......,
##.....## *#.....*
##...## #.$!#* #####
####


You could see an orc warlord, an orc knight (confused, very poisoned), an orc
warrior (strong) and a kobold.

Vanquished Creatures
  The ghost of Nebesus the Covert, a novice SpEn (D:7)
  A cyclops (D:7)
  An ugly thing (D:8)
  Grinder (D:3)
  A hippogriff (D:8)
  Sigmund (D:3)
  2 orc warriors (Bailey)
  3 sky beasts
  3 ogres
  A phantom (D:6)
  A centaur (D:5)
  Blork the orc (D:5)
  An elf zombie (Ossuary)
  4 bullfrogs
  3 scorpions
  2 wights (D:6)
  A howler monkey (D:6)
  A bullfrog skeleton (D:7)
  2 human zombies (Ossuary)
  An orc priest (D:6)
  2 hounds
  3 iguanas
  Jessica (D:3)
  Ijyb (D:3)
  5 orc wizards
  Natasha (D:3)
  4 worker ants
  A hound zombie (D:7)
  3 mummies
  A worker ant zombie (D:7)
  5 gnolls
  6 adders
  2 shadow imps
  2 white imps (D:7)
  2 ufetubi
  An ooze (D:3)
  2 worms (D:3)
  6 leopard geckos
  25 orcs
  7 giant cockroaches
  17 goblins
  15 hobgoblins
  8 jackals
  15 kobolds
  4 quokkas
  4 bats
  2 frilled lizards
  A goblin zombie (Ossuary)
  10 hobgoblin zombies (Ossuary)
  2 jackal zombies (Ossuary)
  10 kobold zombies (Ossuary)
  8 orc zombies (Ossuary)
  A quokka zombie (D:7)
  6 rats
  2 rat zombies (Ossuary)
217 creatures vanquished.

Notes
Turn   | Place    | Note
-------+----------+-------------------------------------------
     0 | D:1      | Irenicus the Deep Dwarf Earth Elementalist began the quest
                  | for the Orb.
     0 | D:1      | Reached XP level 1. HP: 15/15 MP: 3/3
   115 | D:1      | Reached XP level 2. HP: 16/22 MP: 0/4
   160 | D:1      | Learned a level 2 spell: Passwall
   211 | D:1      | Reached skill level 5 in Earth Magic
   330 | D:2      | Found a bloodstained altar of Trog.
   426 | D:2      | Found a sparkling altar of Nemelex Xobeh.
   456 | D:2      | Reached XP level 3. HP: 15/28 MP: 1/5
   491 | D:2      | Found a faded altar of an unknown god.
   603 | D:2      | Reached skill level 6 in Earth Magic
   710 | D:2      | HP: 5/28 [hobgoblin/+0 club (3)]
   717 | D:2      | HP: 6/42 [hobgoblin (1)]
   858 | D:3      | Reached XP level 4. HP: 25/36 MP: 3/6
   944 | D:3      | Noticed Sigmund
   951 | D:3      | HP: 9/36 [something (3)]
   956 | D:3      | Killed Sigmund
   956 | D:3      | Reached skill level 8 in Earth Magic
   956 | D:3      | Reached XP level 5. HP: 28/42 MP: 0/7
  1041 | D:3      | Found a glowing silver altar of Zin.
  1064 | D:3      | Found a shimmering blue altar of Sif Muna.
  1183 | D:3      | Noticed Grinder
  1196 | D:3      | Killed Grinder
  1196 | D:3      | Reached skill level 9 in Earth Magic
  1196 | D:3      | Reached XP level 6. HP: 31/49 MP: 0/8
  1213 | D:4      | Reached skill level 10 in Earth Magic
  1282 | D:3      | Found a hazy altar of Hepliaklqana.
  1308 | D:4      | HP: 12/49 [orc wizard/puff of flame (7)]
  1364 | D:4      | Got a fine jade ring
  1365 | D:4      | Identified the ring "Horaadosu" {rF+ rC++} (You found it on
                  | level 4 of the Dungeon)
  1468 | D:4      | Reached XP level 7. HP: 13/55 MP: 5/9
  1555 | D:3      | Noticed Ijyb
  1561 | D:3      | Killed Ijyb
  1575 | D:3      | Noticed Natasha
  1575 | D:3      | Noticed Jessica
  1579 | D:3      | Killed Natasha
  1593 | D:3      | Killed Jessica
  1593 | D:3      | Reached skill level 11 in Earth Magic
  1619 | D:3      | Found a sacrificial altar of Ru.
  1765 | D:5      | Entered Level 5 of the Dungeon
  1771 | D:5      | HP: 11/55 [orc wizard/+0 dagger (2)]
  1775 | D:5      | Noticed Blork the orc
  1802 | D:5      | Found a staircase to the Ecumenical Temple.
  1811 | Temple   | Entered the Ecumenical Temple
  1845 | Temple   | Became a worshipper of Makhleb the Destroyer
  1891 | D:5      | HP: 5/55 [centaur/arrow (6)]
  1898 | D:5      | Found a broken altar of Ashenzari.
  1908 | D:5      | Found Neruoc's Jewellery Emporium.
  1938 | D:5      | Found Nisecij's Distillery.
  1939 | D:5      | Bought a potion of haste for 130 gold pieces
  1939 | D:5      | Bought a potion of mutation for 104 gold pieces
  2075 | D:5      | Reached skill level 12 in Earth Magic
  2085 | D:5      | Found Kedeemih's Assorted Antiques.
  2144 | D:5      | Killed Blork the orc
  2144 | D:5      | Reached XP level 8. HP: 28/62 MP: 5/10
  2206 | D:5      | Bought a scroll labeled WYDDAF XAJA for 24 gold pieces
  2273 | D:6      | Reached skill level 13 in Earth Magic
  2372 | D:6      | Reached * piety under Makhleb
  2418 | D:6      | HP: 14/62 [iguana (5)]
  2421 | D:6      | Reached skill level 14 in Earth Magic
  2544 | D:7      | Noticed a cyclops
  2569 | D:7      | Killed a cyclops
  2569 | D:7      | Reached skill level 15 in Earth Magic
  2569 | D:7      | Gained mutation: You passively map the area around you.
                  | [Deep Dwarf growth]
  2569 | D:7      | Reached XP level 9. HP: 51/68 MP: 3/11
  2713 | D:7      | Found a runed translucent door.
  2714 | D:7      | Noticed Nebesus's ghost (novice SpEn)
  2737 | D:7      | Killed Nebesus's ghost
  2737 | D:7      | Reached skill level 16 in Earth Magic
  2785 | D:7      | Found a shimmering altar of Xom.
  2786 | D:7      | Found a blossoming altar of Fedhas.
  2786 | D:7      | Found a stormy altar of Qazlal.
  2792 | D:7      | Found a bloodstained altar of Trog.
  2977 | D:8      | Noticed a purple ugly thing
  2984 | D:8      | Killed a purple ugly thing
  3064 | D:8      | Reached skill level 17 in Earth Magic
  3073 | D:8      | Reached skill level 2 in Spellcasting
  3073 | D:8      | Reached skill level 1 in Evocations
  3169 | D:8      | Found a sand-covered staircase.
  3178 | Ossuary  | Entered an ossuary
  3189 | Ossuary  | Reached ** piety under Makhleb
  3212 | Ossuary  | Learned a level 5 spell: Lee's Rapid Deconstruction
  3301 | Ossuary  | Reached skill level 2 in Evocations
  3310 | Ossuary  | Reached *** piety under Makhleb
  3404 | D:8      | Reached skill level 3 in Evocations
  3514 | D:9      | Reached XP level 10. HP: 75/75 MP: 5/14
  3586 | D:9      | Found a flagged portal.
  3602 | D:9      | Learned a level 3 spell: Stone Arrow
  3603 | Bailey   | Entered a bailey
  3608 | Bailey   | Noticed an orc warlord
  3626 | Bailey   | Reached skill level 3 in Spellcasting
  3688 | Bailey   | Reached skill level 4 in Evocations
  3708 | Bailey   | Found a runed translucent gate.
  3710 | Bailey   | Found a runed translucent gate.
  3712 | Bailey   | Found a runed translucent gate.
  3719 | Bailey   | Noticed an orc knight
  3730 | Bailey   | HP: 9/75 [orc warrior/+0 hand axe (19)]
  3732 | Bailey   | HP: 4/75 [shot self (1)]
  3732 | Bailey   | Mangled by an orc warrior

Illustrated notes

Levels and vault maps discovered:
D:1:      psy_arrival_radial01, layout_loops_ring, item_on_display_a
D:2:      cheibrodos_greedy_goblins, layout_basic,
          nicolae_overflow_crystal_walls, chequers_ecumenical_altar_simple,
          bloody_trog
D:3:      minmay_spotlight, layout_basic, nicolae_ru_great_annihilating_truth,
          nicolae_overflow_hidden_temple, lemuel_crystal_altar,
          lemuel_crystal_altar, uniq_sigmund, uniq_grinder, uniq_natasha,
          uniq_ijyb, uniq_jessica
D:4:      layout_basic, serial_co_window_serial, co_window_of_opportunity_a,
          co_window_corner_a, co_window_paths_a, co_window_paths_a,
          co_window_paths_b, co_window_paths_c, co_window_broadway_b,
          co_window_paths_c, co_window_sun, co_window_4corner_b,
          glass_columns_a, glass_columns_b, glass_columns_a
D:5:      minmay_angry_zag, layout_loops_ring, ashenzari_altar_1,
          minmay_temple_entry_mist, serial_shops, shop, nicolae_shop_stone,
          nicolae_shop_crystal, shop, grunt_decor_fettered, uniq_blork_the_orc
D:6:      layout_basic
D:7:      layout_loops_ring, grunt_gozag_statues,
          nicolae_overflow_quartered_altars, gammafunk_ghost_grave
D:8:      layout_basic, dpeg_lair_monsters, gup_ossuary_entry_pyramid
D:9:      layout_rooms, enter_bailey_7, ebering_ghost_funeral_grove
Temple:   minmay_temple_curvy_loop
Bailey:   bailey_axe_bossmonster_kennysheep, bailey

Skill      XL: |  1  2  3  4  5  6  7  8  9 10 |
---------------+-------------------------------+-----
Earth Magic    | 5 6 8 9 10 12 15 17 | 17.0
Spellcasting   | 2 3 |  3.2
Evocations     | 3 4 |  4.1
Dodging        | |  2.1
Stealth        | |  2.4
Transmutations | |  0.8

Action                   |  1- 3 |  4- 6 |  7- 9 | 10-12 || total
-------------------------+-------+-------+-------+-------++-------
Melee: Dagger            |    25 |    12 |    85 |    14 ||   136
       Short sword       |    17 |       |       |       ||    17
 Cast: Sandblast         |    48 |    32 |   163 |    18 ||   261
       Passwall          |     5 |     8 |    17 |     1 ||    31
       Lee's Rapid Decon |       |       |     2 |     3 ||     5
 Abil: Heal Wounds       |     1 |       |       |       ||     1
Evoke: Wand              |       |       |    15 |    12 ||    27
  Use: Scroll            |     5 |       |     5 |     4 ||    14
       Potion            |     1 |     1 |     2 |       ||     4
 Stab: Sleeping          |       |     2 |     6 |     1 ||     9
       Paralysed         |       |       |     2 |       ||     2
       Confused          |       |       |       |     1 ||     1
Armor: Robe              |    12 |     1 |       |       ||    13
       Skin              |    18 |       |       |       ||    18
       Ring mail         |       |     3 |   112 |    24 ||   139
Dodge: Dodged            |    42 |     6 |   129 |    33 ||   210
Block: Other             |    14 |     4 |    17 |       ||    35
       Reflection        |       |       |     1 |       ||     1

Table legend: (Time is in decaauts)
 A = Elapsed time spent in this place.
 B = Non-inter-level travel time spent in this place.
 C = Inter-level travel time spent in this place.
 D = Time resting spent in this place.
 E = Time spent auto-exploring this place.
 F = Levels seen in this place.
 G = Mean time per level.
                   A        B        C        D        E       F      G
               +--------+--------+--------+--------+--------+-----+--------+
         Total |   3738 |   3727 |     11 |     38 |      0 |  12 |  311.5 |
       Dungeon |   3328 |   3317 |     11 |     38 |      0 |   9 |  369.8 |
        Temple |     63 |     63 |      0 |      0 |      0 |   1 |   63.0 |
       Ossuary |    217 |    217 |      0 |      0 |      0 |   1 |  217.0 |
        Bailey |    128 |    128 |      0 |      0 |      0 |   1 |  128.0 |
               +--------+--------+--------+--------+--------+-----+--------+

Top non-repeatable levels by time:
     D:3: 581 daAuts
     D:2: 507 daAuts
     D:5: 411 daAuts
     D:8: 351 daAuts
     D:4: 343 daAuts
     D:7: 341 daAuts
     D:1: 334 daAuts
     D:6: 303 daAuts
 Ossuary: 217 daAuts
     D:9: 153 daAuts
  Bailey: 128 daAuts
  Temple: 63 daAuts

Table legend:
 A = Kills in this place as a percentage of kills in entire the game.
 B = Kills by you in this place as a percentage of kills by you in the entire game.
 C = Kills by friends in this place as a percentage of kills by friends in the entire game.
 D = Other kills in this place as a percentage of other kills in the entire game.
 E = Experience gained in this place as a percentage of experience gained in the entire game.
 F = Experience gained in this place divided by the number of levels of this place that you have seen.
                   A       B       C       D       E      F
               +-------+-------+-------+-------+-------+----------------------
         Total | 100.0 | 100.0 |   N/A |   N/A | 100.0 | 493.6
       Dungeon |  75.1 |  75.1 |   N/A |   N/A |  90.5 | 595.8
       Ossuary |  17.5 |  17.5 |   N/A |   N/A |   4.2 | 248.0
        Bailey |   7.4 |   7.4 |   N/A |   N/A |   5.3 | 313.0
               +-------+-------+-------+-------+-------+----------------------
